Map: Snowy Mesa

Players

popeye

  • Race: Protoss Protoss

bvv

  • Race: Protoss Protoss

neulaender - Winner!

  • Race: Zerg Zerg

Baumdoktor - Winner!

  • Race: Protoss Protoss

VOD

Have the link to the VOD?

Description

Time

  • Played on: Oct. 21, 2016, 2:45 p.m.
  • Length: 6:31
Show
View Real Time Build Order
Export as new Build Order

popeye Protoss 

Build Orders:  

Get SALT Encoding   

  12  0:02  Probe (Chrono Boost)  
  13  0:13  Probe (Chrono Boost)  
  14  0:21  Pylon  
  14  0:30  Probe (Chrono Boost)  
  15  0:41  Probe (Chrono Boost)  
  16  0:45  Gateway  
  16  0:48  Assimilator  
  16  0:54  Assimilator  
  16  0:57  Probe (Chrono Boost)  
  17  1:08  Probe (Chrono Boost)  
  18  1:26  Pylon  
  18  1:37  Cybernetics Core  
  18  1:39  Probe (Chrono Boost)  
  19  1:50  Probe (Chrono Boost)  
  20  2:00  Probe (Chrono Boost)  
  21  2:11  Probe (Chrono Boost)  
  21  2:13  Nexus, Unknown  
  22  2:21  Probe (Chrono Boost)  
  23  2:29  Pylon  
  23  2:32  Mothership Core (Chrono Boost)  
  23  2:36  Pylon  
  25  2:52  Pylon  
  25  3:06  Zealot  
  27  3:24  Unknown  
  27  3:47  Stargate  
  27  3:54  Stargate  
  27  3:58  Stargate  
  27  4:04  Probe (Chrono Boost)  
  28  4:13  Protoss Air Weapons Level 1  
  28  4:14  Probe (Chrono Boost)  
  28  4:16  Assimilator  
  29  4:21  Assimilator  
  29  4:25  Probe (Chrono Boost)  
  30  4:36  Probe (Chrono Boost)  
  31  4:44  Void Ray  
  31  4:45  Void Ray  
  35  4:51  Void Ray  
  41  4:54  Probe (Chrono Boost)  
  42  5:05  Probe (Chrono Boost)  
  43  5:11  Probe (Chrono Boost)  
  44  5:15  Probe (Chrono Boost)  
  45  5:22  Probe (Chrono Boost)  
  45  5:26  Probe (Chrono Boost)  
  47  5:32  Probe (Chrono Boost)  
  36  5:43  Mothership Core (Chrono Boost)  
Show
View Real Time Build Order
Export as new Build Order

bvv Protoss 

Build Orders: 1 Gate Expand 

Get SALT Encoding   

  12  0:03  Probe (Chrono Boost)  
  13  0:13  Probe (Chrono Boost)  
  14  0:24  Probe (Chrono Boost), Pylon  
  15  0:45  Gateway  
  15  0:49  Assimilator  
  15  0:51  Probe (Chrono Boost)  
  16  1:02  Probe (Chrono Boost)  
  17  1:13  Probe (Chrono Boost)  
  18  1:32  Pylon  
  18  1:43  Nexus, Unknown  
  18  1:50  Cybernetics Core  
  18  1:51  Probe (Chrono Boost)  
  19  1:56  Assimilator  
  19  2:02  Probe (Chrono Boost)  
  20  2:11  Gateway  
  20  2:14  Probe (Chrono Boost)  
  20  2:27  Warp Gate  
  20  2:29  Mothership Core (Chrono Boost)  
  22  2:30  Adept  
  24  2:49  Probe (Chrono Boost)  
  25  2:54  Unknown  
  25  2:59  Adept  
  25  3:01  Adept  
  28  3:18  Probe (Chrono Boost)  
  26  3:29  Probe (Chrono Boost)  
  25  3:52  Adept  
  25  3:55  Adept  
  25  4:01  Probe (Chrono Boost)  
  28  4:08  Pylon  
  29  4:10  Probe (Chrono Boost), Pylon  
  29  4:11  Probe (Chrono Boost)  
  30  4:22  Probe x2 (Chrono Boost)  
  28  4:32  Probe (Chrono Boost)  
  28  4:34  Probe (Chrono Boost)  
  30  4:43  Probe (Chrono Boost)  
  29  4:53  Probe (Chrono Boost)  
  20  5:07  Adept x2  
  22  5:27  Pylon  
  22  5:29  Pylon  
  22  5:49  Mothership Core (Chrono Boost)  
  12  6:22  Stalker  
  12  6:25  Stalker  
Show
View Real Time Build Order
Export as new Build Order

neulaender Zerg - Winner!

Build Orders: Pool First 

Get SALT Encoding   

  12  0:01  Drone  
  13  0:10  Drone  
  14  0:19  Overlord  
  14  0:36  Spawning Pool  
  14  0:37  Drone  
  14  0:43  Extractor  
  14  0:46  Drone  
  14  0:47  Drone  
  15  0:51  Drone  
  16  1:00  Overlord  
  16  1:10  Drone  
  17  1:23  Queen  
  19  1:25  Zergling x2  
  20  1:33  Zergling x2  
  21  1:42  Zergling x2  
  21  1:45  Metabolic Boost  
  22  1:53  Zergling x2  
  23  2:03  Zergling x2  
  24  2:15  Zergling x2  
  25  2:27  Zergling x2  
  26  2:41  Zergling x6  
  29  2:52  Zergling x2  
  30  3:05  Overlord  
  27  3:27  Zergling x6  
  30  3:39  Zergling x2  
  27  3:54  Zergling x2  
  26  4:07  Zergling x2  
  26  4:08  Evolution Chamber  
  26  4:12  Zergling x2  
  26  4:13  Zergling x6  
  29  4:30  Zergling x2  
  26  4:35  Zergling x2  
  25  4:39  Unknown, Hatchery  
  25  4:43  Zergling x6  
  27  4:59  Zergling x2  
  26  5:01  Burrow  
  26  5:06  Zergling x2  
  27  5:16  Drone x3  
  26  5:38  Zergling x2  
  26  5:39  Zergling x2  
  28  5:48  Drone x2  
  30  5:50  Unknown  
  29  6:15  Drone x2  
  29  6:16  Drone  
Show
View Real Time Build Order
Export as new Build Order

Baumdoktor Protoss - Winner!

Build Orders: 1 Gate Expand 

Get SALT Encoding   

  12  0:02  Probe (Chrono Boost)  
  13  0:12  Probe (Chrono Boost)  
  14  0:18  Pylon  
  14  0:23  Probe (Chrono Boost)  
  15  0:36  Probe (Chrono Boost)  
  15  0:41  Gateway  
  16  0:47  Probe (Chrono Boost)  
  17  1:10  Nexus, Unknown  
  17  1:17  Pylon  
  17  1:21  Probe (Chrono Boost)  
  18  1:31  Zealot  
  18  1:32  Probe (Chrono Boost)  
  21  2:07  Cybernetics Core  
  21  2:09  Assimilator  
  21  2:14  Assimilator  
  21  2:18  Pylon  
  21  2:19  Gateway  
  21  2:20  Gateway  
  21  2:21  Probe (Chrono Boost), Unknown  
  22  2:24  Probe (Chrono Boost)  
  23  2:32  Probe (Chrono Boost), Warp Gate  
  24  2:43  Probe (Chrono Boost)  
  25  2:55  Probe (Chrono Boost)  
  26  3:05  Stalker  
  28  3:07  Stalker  
  28  3:08  Probe (Chrono Boost)  
  32  3:20  Probe (Chrono Boost)  
  32  3:32  Probe (Chrono Boost)  
  32  3:33  Stalker  
  35  3:35  Stalker  
  35  3:37  Stalker  
  39  4:04  Probe (Chrono Boost)  
  40  4:12  Probe (Chrono Boost)  
  40  4:14  Probe (Chrono Boost)  
  40  4:16  Pylon  
  42  4:21  Pylon  
  43  4:24  Probe (Chrono Boost)  
  43  4:25  Probe (Chrono Boost)  
  44  4:35  Probe (Chrono Boost)  
  44  4:36  Probe (Chrono Boost)  
  44  4:46  Stalker x3  
  44  4:48  Probe (Chrono Boost)  
  52  5:00  Probe (Chrono Boost)  
  52  5:12  Stalker  
  52  5:13  Stalker x2  
  58  5:24  Gateway  
  58  5:27  Gateway  
  58  5:29  Gateway  
  58  5:31  Gateway  
  58  5:35  Gateway  
  52  5:52  Stalker x3  
Tags
 
Add a new tag
Caveats
  • Supply blocks, unpowered buildings, or Contaminate may cause inaccurate times.
  • Supply counts are checked every 10 seconds.